 Dungeon Crawl Stone Soup version 0.28.0-53-g5a82cb258f (webtiles) character file.

Game seed: 7850380825284225227

24 Plasmagod the Magician (level 3, 0/25 HPs)
             Began as a Djinni Hedge Wizard on July 18, 2022.
             Slain by a worm (7 damage)
             ... on level 1 of the Dungeon.
             The game lasted 00:02:31 (1131 turns).

Plasmagod the Magician (Djinni Hedge Wizard)        Turns: 1131, Time: 00:02:31

Health: 0/25       AC:  5    Str:  9    XL:     3   Next: 15%
Gold:   22         EV: 12    Int: 17    God:
                   SH:  0    Dex: 12

rFire   + + .      SeeInvis .   a - +0 dagger
rCold   x . .      Faith    .   (no shield)
rNeg    . . .      Spirit   .   b - +0 robe
rPois   ∞          Reflect  .   c - +0 hat
rElec   .          Harm     .   (no cloak)
rCorr   .          Rampage  .   e - +2 pair of gloves
Will    .....                   (boots unavailable)
Stlth   ++........              (no amulet)
HPRegen 0.08/turn               (no ring)
MPRegen 0.00/turn               (no ring)

@: flying
A: sickness immunity, fire resistance 2, cold vulnerability 1, float, innate
caster, HP casting, extra vitality 1
a: no special abilities


You were on level 1 of the Dungeon.
You visited 1 branch of the dungeon, and saw 2 of its levels.

You collected 22 gold pieces.

Inventory:

Hand Weapons
 a - a +0 dagger (weapon)
Armour
 b - a +0 robe (worn)
 c - a +0 hat (worn)
 e - a +2 pair of gloves (worn)
 g - a +0 kite shield
Scrolls
 d - a scroll of teleportation {unknown}
 f - a scroll of vulnerability {unknown}
 h - a scroll of enchant weapon {unknown}


   Skills:
 + Level 2.5 Dodging
 + Level 1.7 Stealth
 * Level 0.1 Shields
 + Level 3.0 Spellcasting


You couldn't memorise any spells.
You knew the following spells:

 Your Spells              Type           Power      Damage    Failure   Level
a - Magic Dart            Conj           52%        1d5       4%          1
b - Blink                 Tloc           26%        N/A       8%          2
c - Call Imp              Summ           13%        N/A       8%          2
d - Slow                  Hex            52%        N/A       4%          1
e - Conjure Flame         Conj/Fire      13%        6-21      16%         3
f - Mephitic Cloud        Conj/Pois/Air  13%        N/A       16%         3
g - Sting                 Tmut/Pois      52%        1d5       4%          1
Your spell library was empty.

Dungeon Overview and Level Annotations

Branches:
Dungeon (2/15)

Altars:


Innate Abilities, Weirdness & Mutations

You are immune to sickness and miasma.
You are immune to poison.
Your flesh is very heat resistant. (rF++)
You are vulnerable to cold. (rC-)
You float through the air rather than walking.
You learn spells naturally, not from books.
Your magical power is your life essence.
You have superior vitality. (+4 MHP)


Message History

Aim: a worm (90% to hit)
Marked for pickup.
The sting hits the worm.
The worm is poisoned.
The worm is lightly wounded.
Casting: Sting (safe; 4% risk of failure)
Confirm with . or Enter, or press ? or * to list all spells.
Aiming: Sting (safe; 4% risk of failure)
Press: ? - help, Shift-Dir - straight line, f/p - worm
Aim: a worm (lightly wounded, poisoned, 90% to hit)
The sting hits the worm.
The worm looks even sicker.
The worm is moderately wounded.
Aiming: Magic Dart (safe; 4% risk of failure)
Press: ? - help, Q - select action, (/) - cycle Shift-Dir - straight line, f - endoplasm, p - worm
Aim: an endoplasm (100% to hit)
The magic dart hits the endoplasm.
The endoplasm is moderately wounded.
The endoplasm freezes you.
You are frozen.
The worm bites you. The endoplasm closely misses you.
You fly upwards.
Your magical contamination has completely faded away.
There is a stone staircase leading down here.
Casting: Magic Dart (safe; 4% risk of failure)
Confirm with . or Enter, or press ? or * to list all spells.
Aiming: Sting (safe; 4% risk of failure)
Press: ? - help, Shift-Dir - straight line, f - worm
Aim: a worm (lightly wounded, very poisoned, 90% to hit)
The sting hits the worm.
The worm looks even sicker.
The worm is moderately wounded.
Casting: Sting (safe; 4% risk of failure)
Confirm with . or Enter, or press ? or * to list all spells.
Aiming: Sting (safe; 4% risk of failure)
Press: ? - help, Shift-Dir - straight line, f/p - worm
Aim: a worm (severely wounded, very poisoned, 90% to hit)
The sting misses the worm.
The sting hits the endoplasm.
The endoplasm partially resists.
The endoplasm is poisoned.
The endoplasm is heavily wounded.
* * * LOW HITPOINT WARNING * * *
The worm bites you!
You die...

#..............'.'
#.##########...###
#.# ######...# #
#.# #........# #
#.#####......).# #
#..............# #
#.#####.########
#.#####.##
#@##.....#########
#w#............)..
#J#..._..#########
#>...8.8..........
#.#......########.
#.###.#....# #.
#.# #...##.# ####.
#.# ##...#.# #....
#.# #...#.# #....


You could see a worm (very poisoned) and an endoplasm (poisoned).

Vanquished Creatures
  A dart slug (D:1)
  3 endoplasms (D:1)
  2 goblins (D:1)
  3 kobolds
  3 ball pythons
  5 bats (D:1)
  A frilled lizard (D:1)
  4 rats (D:1)
22 creatures vanquished.

Notes
Turn   | Place    | Note
-------+----------+-------------------------------------------
     0 | D:1      | Plasmagod the Djinni Hedge Wizard began the quest for the
                  | Orb.
     0 | D:1      | Reached XP level 1. HP: 15/15 MP: 0/0
   307 | D:1      | Found a faded altar of an unknown god.
   312 | D:1      | Reached XP level 2. HP: 17/21 MP: 0/0
   875 | D:1      | Reached skill level 3 in Spellcasting
   875 | D:1      | Reached XP level 3. HP: 23/25 MP: 0/0
   875 | D:1      | Learned a level 1 spell: Sting
  1131 | D:1      | Slain by a worm

Illustrated notes

Levels and vault maps discovered:
D:1:      evilmike_arrival_fibonacci_small, layout_basic,
          dreamdust_ecumenical_altar_statues
D:2:      layout_rooms, uniq_jessica

Skill      XL: |  1  2 |
---------------+-------+-----
Spellcasting   | 3 |  3.0
Dodging        | |  2.5
Stealth        | |  1.7
Shields        | |  0.1

Action                   || total
-------------------------++-------
 Cast: Magic Dart        ||    39
       Sting             ||     7
Armor: Robe              ||     3
Dodge: Dodged            ||     5
